Map: [ESL] Waterfall

Players

HeroMarine

  • Race: Terran Terran
  • Spawn Location: 1:00

LiquidElazer (Elazer) - Winner!

  • Race: Zerg Zerg
  • League: Master
  • Spawn Location: 7:00

VOD

Have the link to the VOD?

Description

Time

  • Played on: Nov. 3, 2022, 1:13 p.m.
  • Length: 11:57
Show
View Real Time Build Order
Export as new Build Order

HeroMarine Terran 

Build Orders:  

Get SALT Encoding   

  12  0:00  SCV  
  13  0:12  SCV  
  14  0:19  Supply Depot  
  14  0:24  SCV  
  15  0:40  SCV  
  15  0:42  Barracks  
  16  0:44  Refinery  
  16  0:52  SCV  
  17  1:04  SCV  
  18  1:17  SCV  
  19  1:29  Orbital Command, Marine  
  20  1:38  Command Center  
  20  1:46  Marine  
  21  1:50  Supply Depot  
  21  1:55  SCV  
  22  2:07  SCV  
  22  2:08  Factory  
  23  2:18  Refinery  
  23  2:19  SCV  
  23  2:21  Barracks Reactor  
  24  2:29  Barracks  
  24  2:31  SCV  
  25  2:43  SCV  
  26  2:50  Orbital Command  
  28  2:51  Hellion  
  28  2:56  SCV, Starport  
  29  2:59  Marine  
  29  3:01  Marine  
  31  3:08  SCV  
  34  3:13  Widow Mine  
  34  3:15  Barracks Tech Lab  
  34  3:17  SCV  
  34  3:19  Marine  
  35  3:20  SCV  
  35  3:21  Marine  
  38  3:29  SCV  
  38  3:32  SCV, Medivac  
  38  3:34  Supply Depot  
  42  3:37  Stimpack  
  42  3:41  SCV  
  43  3:45  SCV, Hellion  
  46  3:55  Supply Depot, Marine x3  
  49  3:56  SCV  
  49  3:57  SCV  
  51  4:06  Factory Tech Lab, Medivac  
  54  4:14  Marine  
  54  4:15  Supply Depot x2  
  54  4:16  Marine  
  54  4:17  SCV x2  
  57  4:23  Marine  
  58  4:25  Siege Tank  
  58  4:29  SCV  
  62  4:36  SCV, Marine x2  
  65  4:38  Supply Depot  
  65  4:41  Marine  
  65  4:43  SCV  
  65  4:44  Medivac  
  69  4:48  Supply Depot, SCV  
  70  4:54  Marine x2  
  70  4:58  SCV  
  70  4:59  Marine  
  74  5:01  SCV  
  74  5:06  Siege Tank  
  78  5:12  Marine x2  
  80  5:15  Command Center  
  80  5:17  Marine  
  81  5:23  SCV x2  
  81  5:24  Supply Depot  
  81  5:26  Starport Reactor  
  83  5:28  Refinery  
  83  5:29  Refinery, Marine x2  
  83  5:35  SCV x2, Marine  
  88  5:39  Engineering Bay  
  88  5:47  Marine x2  
  88  5:48  SCV x2  
  88  5:53  Marine  
  80  5:59  Engineering Bay  
  80  6:00  SCV x2  
  80  6:01  Siege Tank  
  83  6:05  Marine x2  
  83  6:10  Marine  
  83  6:11  Medivac x2  
  90  6:12  SCV x2  
  91  6:23  Barracks, Marine x2  
  91  6:24  Barracks  
  91  6:25  Barracks  
  93  6:26  SCV  
  93  6:27  SCV  
  93  6:28  Marine  
  96  6:33  Siege Tank  
  96  6:37  Terran Infantry Armor Level 1  
  96  6:38  Terran Infantry Weapons Level 1  
  99  6:41  Marine x2  
  99  6:43  SCV  
  99  6:44  SCV  
  99  6:46  Marine  
  104  6:54  Combat Shield  
  104  6:55  SCV  
  104  6:56  SCV, Starport Reactor  
  104  6:59  Supply Depot, Marine x2  
  108  7:04  Marine  
  108  7:06  Siege Tank  
  99  7:16  Marine x2  
  99  7:20  Barracks Reactor x2  
  99  7:21  SCV x2  
  99  7:22  Marine  
  93  7:33  SCV x2  
  93  7:34  Marine x2  
  93  7:35  Medivac x2  
  101  7:39  Marine  
  101  7:41  Orbital Command  
  102  7:45  SCV, Marine x2  
  102  7:46  SCV  
  102  7:49  Barracks  
  106  7:52  Marine x2  
  106  7:53  Factory Reactor  
  106  7:57  Marine x5  
  113  8:00  SCV x2  
  113  8:03  Marine x2  
  117  8:10  Marine x2  
  117  8:12  SCV x2, Armory  
  122  8:15  SCV, Marine x2  
  122  8:18  Supply Depot  
  122  8:19  Supply Depot  
  124  8:21  Marine  
  124  8:25  Marine  
  124  8:26  SCV  
  125  8:40  Widow Mine x2, Marauder x2  
  125  8:41  Supply Depot x2, Medivac x2  
  136  8:48  Command Center  
  136  8:49  SCV  
  136  8:50  SCV x2  
  136  8:55  Concussive Shells  
  139  8:59  Marine x2  
  139  9:02  Widow Mine x2, Marauder x2  
  149  9:03  Marine x2  
  149  9:06  Refinery  
  149  9:07  Terran Infantry Weapons Level 2  
  149  9:09  Sensor Tower  
  151  9:11  SCV x3  
  154  9:23  SCV x3, Marauder x2  
  161  9:28  Widow Mine x2  
  165  9:44  Barracks  
  165  9:45  Barracks  
  165  9:47  Supply Depot x2  
  165  9:48  SCV x2, Medivac x2, Marauder  
  173  9:55  Supply Depot  
  174  10:00  Marauder  
  174  10:04  Marine x3  
  174  10:06  Marine  
  162  10:07  Marine x2  
  162  10:10  Marauder  
  164  10:15  Marine  
  164  10:16  Marine  
  164  10:19  SCV x3  
  164  10:20  Medivac x2  
  175  10:21  Marauder  
  175  10:22  Reaper, Widow Mine x2  
  175  10:25  Marine x2  
  175  10:27  Marine x2  
  183  10:31  SCV, Marauder  
  183  10:32  Barracks Tech Lab  
  183  10:33  Barracks Tech Lab  
  186  10:36  Refinery  
  186  10:37  Marine  
  186  10:38  Marine x2  
  184  10:42  Marauder  
  184  10:43  Marine  
  184  10:44  Widow Mine x2  
  161  10:50  Marine x2  
  161  10:53  SCV x2, Marauder  
  161  10:54  SCV  
  161  10:56  Marine x2  
  154  10:57  Marine x2  
  154  10:59  Marine  
  154  11:00  Marine x2  
  154  11:02  Marine  
  154  11:03  Marine  
  146  11:05  SCV  
  146  11:07  SCV x2  
  146  11:08  Marine  
  146  11:10  Marine  
  142  11:14  Widow Mine, Marauder  
  142  11:18  SCV  
  147  11:21  SCV x2  
  147  11:24  Marine  
  135  11:26  Marine  
  135  11:28  Marine  
  135  11:30  SCV, Marauder  
Show
View Real Time Build Order
Export as new Build Order

LiquidElazer Zerg - Winner!

Build Orders: Hatch First 

Get SALT Encoding   

  12  0:00  Drone  
  13  0:12  Overlord  
  13  0:17  Drone  
  14  0:30  Drone x2  
  16  0:47  Hatchery  
  15  0:51  Drone  
  15  0:54  Drone  
  17  0:58  Drone  
  18  1:08  Extractor  
  17  1:13  Spawning Pool  
  17  1:16  Drone  
  17  1:20  Drone  
  18  1:27  Drone  
  19  1:39  Drone  
  20  1:51  Drone  
  21  2:05  Queen x2  
  21  2:07  Drone, Overlord  
  26  2:11  Metabolic Boost  
  26  2:13  Drone  
  26  2:14  Drone  
  28  2:21  Overlord  
  28  2:32  Hatchery  
  27  2:39  Drone  
  27  2:40  Drone x2  
  30  2:45  Queen  
  30  2:50  Overlord  
  32  2:52  Drone  
  33  2:58  Drone x2  
  33  3:05  Drone  
  36  3:11  Drone  
  36  3:12  Overlord  
  37  3:13  Drone x2  
  37  3:15  Queen  
  41  3:21  Drone  
  41  3:22  Queen  
  44  3:31  Drone  
  45  3:38  Zergling x8  
  49  3:44  Overlord  
  49  3:45  Queen  
  49  3:46  Drone x3  
  54  3:53  Drone x4  
  58  4:02  Queen, Overlord  
  60  4:05  Drone x3  
  63  4:10  Drone x2  
  65  4:21  Queen  
  65  4:22  Queen  
  68  4:24  Zergling x10  
  68  4:26  Overlord  
  73  4:43  Overlord  
  75  4:47  Lair  
  75  4:48  Drone x7  
  80  4:55  Drone  
  81  5:00  Overlord  
  81  5:02  Queen  
  81  5:03  Drone x4  
  81  5:04  Drone x2  
  89  5:07  Baneling Nest  
  89  5:08  Extractor  
  89  5:10  Overlord  
  87  5:15  Overlord  
  87  5:16  Zergling x4  
  87  5:18  Hatchery  
  88  5:22  Zergling x14  
  88  5:23  Extractor  
  88  5:26  Overlord  
  94  5:28  Extractor  
  94  5:30  Drone  
  94  5:32  Evolution Chamber  
  94  5:35  Evolution Chamber  
  92  5:37  Drone x5  
  97  5:47  Zergling x2  
  97  5:48  Zergling x4  
  92  5:51  Zergling x2  
  92  5:52  Zergling x6  
  92  5:56  Zergling x6  
  94  5:59  Zergling x2  
  94  6:02  Zerg Ground Armor Level 1, Zerg Melee Weapons Level 1  
  95  6:05  Zergling x4  
  95  6:09  Drone x2  
  99  6:14  Zergling x8  
  103  6:20  Centrifugal Hooks, Overlord  
  103  6:23  Zergling x6  
  106  6:30  Zergling x6  
  106  6:32  Baneling x8  
  109  6:35  Zergling x2  
  109  6:36  Zergling x2  
  109  6:42  Zergling x10  
  114  6:49  Overlord  
  114  6:52  Zergling x18  
  123  6:54  Spore Crawler  
  123  6:55  Baneling x10  
  123  6:57  Spore Crawler  
  123  6:59  Zergling x4  
  123  7:03  Overlord  
  123  7:06  Hatchery  
  122  7:09  Zergling x14  
  120  7:17  Zergling x8  
  120  7:24  Zergling x12  
  117  7:36  Drone x8  
  125  7:40  Drone x4  
  129  7:47  Baneling x4, Overseer  
  129  7:49  Baneling x2, Overlord  
  129  7:50  Drone x3  
  132  7:53  Spore Crawler  
  132  7:56  Hatchery  
  132  7:57  Zerg Melee Weapons Level 2, Zerg Ground Armor Level 2  
  130  8:00  Zergling x2  
  130  8:01  Zergling x12  
  136  8:07  Baneling x8  
  136  8:10  Zergling x10  
  141  8:13  Zergling x6  
  141  8:19  Zergling x12  
  150  8:23  Drone x2  
  151  8:30  Drone x7  
  151  8:32  Pneumatized Carapace  
  151  8:33  Burrow  
  157  8:37  Zergling x2  
  157  8:38  Zergling x10  
  161  8:41  Overlord  
  161  8:46  Drone x3  
  161  8:47  Drone  
  165  8:53  Zergling x2  
  165  8:57  Overlord x3  
  165  9:01  Baneling x10  
  165  9:05  Drone x2  
  165  9:06  Spore Crawler  
  165  9:07  Zergling x16  
  165  9:08  Spore Crawler  
  172  9:10  Baneling x5  
  172  9:11  Baneling  
  172  9:12  Baneling x4  
  172  9:20  Zergling x22  
  182  9:36  Zergling x2  
  182  9:37  Zergling x24  
  194  9:52  Zergling x12  
  200  9:58  Hatchery, Spine Crawler  
  200  9:59  Spine Crawler  
  191  10:00  Hatchery, Spine Crawler  
  191  10:05  Zergling x22  
  193  10:08  Hatchery  
  189  10:27  Baneling  
  189  10:28  Baneling x9  
  189  10:39  Baneling x8  
  170  10:48  Zergling x50  
  170  10:49  Zergling x6  
  176  10:54  Zergling x2  
  176  10:55  Zergling x14  
  173  11:01  Zergling x12  
  167  11:05  Baneling x3  
  167  11:08  Zergling x6  
  167  11:16  Baneling x7  
  167  11:17  Zergling x12, Baneling  
  173  11:21  Hatchery  
  169  11:29  Zergling x2  
  169  11:30  Zergling x14  
Tags
 
Add a new tag
Caveats
  • Supply blocks, unpowered buildings, or Contaminate may cause inaccurate times.
  • Supply counts are checked every 10 seconds.